[Event "Titled Tuesday Blitz February 21 Early 2023"]
[White "Bilan, Danila"]
[Black "Deev, Andrei"]
[WhiteFideId "24161918"]
[BlackFideId "4102690"]
[WhiteElo "2303"]
[BlackElo "2390"]
[Result "1-0"]
[Round "03"]
[TimeControl "180+2"]
[Date "2023.02.21"]
[WhiteClock "0:00:06"]
[BlackClock "0:00:09"]

1. d4 d6 2. Nf3 Bg4 3. c4 Nd7 4. Qb3 c5 5. e3 Rb8 6. Be2 Ngf6 7. Nc3 a6 8. O-O g6 9. Qd1 Bg7 10. b3 O-O 11. Bb2 Bxf3 12. Bxf3 b5 13. Rb1 Qa5 14. Be2 bxc4 15. Bxc4 Rfc8 16. Na4 cxd4 17. Bxd4 d5 18. Bc3 Qc7 19. Bxa6 Rd8 20. Qe2 Nc5 21. Nxc5 Qxc5 22. Bd4 Qd6 23. a4 Ne4 24. Bxg7 Kxg7 25. Rfc1 Qb4 26. Bb5 f6 27. Qb2 Nd6 28. Bf1 Rb7 29. Qd4 Qxd4 30. exd4 Rdb8 31. Rc3 Rb4 32. a5 Rxd4 33. a6 Rdb4 34. Rc7 Kf7 35. Re1 Nc8 36. g3 Rxb3 37. Bg2 R3b5 38. a7 Ra8 39. Rd7 Rxa7 40. Bxd5+ Ke8 41. Rxa7 Nxa7 42. Be6 Kf8 43. Rd1 Rb8 44. Bd7 Nb5 45. Rb1 Rd8 46. Bxb5 Rd2 47. Bf1 Kf7 48. Re1 h5 49. Re2 Rd1 50. Kg2 Rd4 51. Re3 g5 52. Be2 e5 53. Bxh5+ Kg7 54. Be2 1-0


[Site "https://www.chess.com"]

[Event "Titled Tuesday Blitz February 21 Early 2023"]
[White "Martynov, Pavel"]
[Black "Dong, Khanh Linh"]
[WhiteFideId "4101260"]
[BlackFideId "12403040"]
[WhiteElo "2414"]
[BlackElo "1900"]
[Result "1-0"]
[Round "03"]
[TimeControl "180+2"]
[Date "2023.02.21"]
[WhiteClock "0:00:04"]
[BlackClock "0:00:01"]

1. e4 c5 2. Nf3 d6 3. Bb5+ Bd7 4. Bxd7+ Nxd7 5. O-O Ngf6 6. Re1 e5 7. d3 Be7 8. Nbd2 O-O 9. Nf1 b5 10. c3 Nb6 11. Ng3 Re8 12. Nf5 Bf8 13. Bg5 h6 14. Bh4 g6 15. Ne3 Be7 16. Qd2 Kg7 17. h3 Nxe4 18. dxe4 Bxh4 19. Nxh4 Qxh4 20. Qxd6 Qxe4 21. Qxc5 Na4 22. Qxb5 Rab8 23. Qd7 Nxb2 24. Qxa7 Nd3 25. Red1 Rb2 26. Qd7 Nxf2 27. Qxe8 Nxh3+ 28. Kh1 Nf2+ 29. Kg1 Qxe3 30. Re1 Nh3+ 31. Kh1 Qd2 32. Qxe5+ Kh7 33. Qg3 Nf4 34. Rf1 g5 35. Rad1 Qc2 36. Rd7 Kg7 37. c4 Rxa2 38. c5 Qxc5 39. Rdd1 Rxg2 40. Qf3 Rc2 41. Rde1 Qc6 42. Qxc6 Rxc6 43. Rf3 Kg6 44. Re8 Kh5 45. Kh2 Rc2+ 46. Kg1 Rc1+ 47. Kf2 Kg4 48. Rg3+ Kf5 49. Rh8 Rc2+ 50. Kf1 h5 51. Rg8 g4 52. Rh8 Kg5 53. Ra3 Rc1+ 54. Kf2 Rc2+ 55. Kf1 f5 56. Ra5 Nd3 57. Rg8+ Kf4 58. Rf8 1-0


[Site "https://www.chess.com"]

[Event "Titled Tuesday Blitz February 21 Early 2023"]
[White "Guzman Moneo, Alberto"]
[Black "Deng, Henry"]
[WhiteFideId "2209616"]
[BlackFideId "30965454"]
[WhiteElo "2170"]
[BlackElo "2168"]
[Result "1-0"]
[Round "03"]
[TimeControl "180+2"]
[Date "2023.02.21"]
[WhiteClock "0:01:05"]
[BlackClock "0:01:38"]

1. e4 c5 2. Nc3 e6 3. Nge2 Nc6 4. g3 g6 5. d4 cxd4 6. Nxd4 Bg7 7. Ndb5 Nge7 8. Nd6+ Kf8 9. Bg2 b6 10. O-O Ba6 11. Re1 Nd4 12. Be3 Nec6 13. f4 e5 14. a4 Qe7 15. Ndb5 Bb7 16. Nd5 Qd8 17. Rf1 Kg8 18. Nd6 Ba6 19. Rf2 Bf8 20. fxe5 Nxe5 21. Nf6+ Kg7 22. Nde8+ 1-0


[Site "https://www.chess.com"]

[Event "Titled Tuesday Blitz February 21 Early 2023"]
[White "Yurasova, Daria"]
[Black "Zaichenko, Daria"]
[WhiteFideId "34146919"]
[BlackFideId "4197453"]
[WhiteElo "2095"]
[BlackElo "2104"]
[Result "0-1"]
[Round "03"]
[TimeControl "180+2"]
[Date "2023.02.21"]
[WhiteClock "0:00:05"]
[BlackClock "0:00:06"]

1. d4 d5 2. Nf3 Nf6 3. Bg5 e6 4. Nbd2 Be7 5. Bxf6 Bxf6 6. e3 O-O 7. c3 Nd7 8. Bd3 b6 9. Qe2 c5 10. g4 c4 11. Bc2 e5 12. g5 Bxg5 13. dxe5 Re8 14. O-O-O Nxe5 15. Nxe5 Rxe5 16. Nxc4 Re8 17. Qd3 g6 18. h4 Bxh4 19. e4 dxc4 20. Qxc4 Qg5+ 21. Kb1 Be6 22. Qf1 Qf4 23. f3 Rad8 24. Qg2 Qg3 25. Qe2 Qf2 26. Qa6 Qxf3 27. Qxa7 Ra8 28. Qxb6 Bxa2+ 29. Ka1 Be6+ 30. Kb1 Reb8 31. Qd4 Ba2+ 32. Ka1 Bb3+ 33. Kb1 Bxc2+ 34. Kxc2 Qg2+ 35. Qd2 Qxd2+ 36. Rxd2 Bf6 37. Re1 Ra5 38. Rde2 Be5 39. Kc1 f6 40. Kc2 Ra2 41. Kb1 Ra4 42. Kc2 Rc4 43. Rb1 h5 44. Re3 g5 45. b3 Rc5 46. c4 Rb4 47. Rd3 h4 48. Rg1 h3 49. Rxh3 Ra5 50. Kd2 Ra2+ 51. Kc1 Ra1+ 52. Kd2 Rxg1 53. Rd3 Rg2+ 54. Kc1 Rb2 55. Kd1 R2xb3 56. Rd2 Rb1+ 57. Ke2 R1b2 58. Rxb2 Rxb2+ 59. Kd3 Rb3+ 60. Kd2 Rc3 0-1


[Site "https://www.chess.com"]

[Event "Titled Tuesday Blitz February 21 Early 2023"]
[White "Toncheva, Nadya"]
[Black "Touzane, Olivier"]
[WhiteFideId "2924056"]
[BlackFideId "602906"]
[WhiteElo "2295"]
[BlackElo "2256"]
[Result "1-0"]
[Round "03"]
[TimeControl "180+2"]
[Date "2023.02.21"]
[WhiteClock "0:00:10"]
[BlackClock "0:00:56"]

1. e4 e6 2. d4 d5 3. Nd2 c5 4. Ngf3 Nc6 5. exd5 Qxd5 6. Bc4 Qh5 7. O-O cxd4 8. Nb3 e5 9. Qe1 Be7 10. Bb5 f6 11. Na5 Bd7 12. Nxc6 bxc6 13. Bc4 Nh6 14. Bxh6 gxh6 15. Qe4 O-O-O 16. Nxd4 Qg4 17. Qxg4 Bxg4 18. Nxc6 Rd7 19. Nxe7+ Rxe7 20. f3 Bf5 21. Bb3 Rc7 22. c3 Rd8 23. Rad1 Rcd7 24. Rxd7 Rxd7 25. Rd1 Rb7 26. Kf2 a5 27. Rd2 Bd7 28. Ke3 a4 29. Bc4 Rc7 30. Ba6+ Kb8 31. g3 a3 32. Bd3 Ka7 33. Bxh7 axb2 34. Rxb2 Rxc3+ 35. Bd3 Bf5 36. Rb3 Rxb3 37. axb3 Be6 38. Bc4 Bf5 39. f4 exf4+ 40. Kxf4 Bh3 41. Ke4 Kb6 42. Kf4 Kc5 43. Bd3 Be6 44. Bc2 Kd4 45. Bd1 Kc3 46. Bg4 Bxb3 47. Kf5 Kd4 48. Kxf6 Ke3 49. Kg6 Kf2 50. Kxh6 Kg2 51. Bf5 Kxh2 52. g4 Kg3 53. g5 Kf4 54. Bd7 Bf7 55. Bh3 Ke5 56. Kg7 Bh5 57. Bf1 Kf5 58. Kh6 Be8 59. Bh3+ Ke5 60. Kg7 Bh5 61. Bd7 Kd6 62. Bc8 Kc7 63. Bh3 Kd6 64. Kf6 Be8 65. Be6 Bh5 66. Bf7 Be2 67. g6 Bd3 68. g7 Bh7 69. Bg6 Bg8 70. Bf7 Bh7 71. Bb3 Kd7 72. Kf7 Kd6 73. Kf8 Ke5 74. Bc2 Bxc2 75. g8=Q Bf5 76. Qg7+ Ke6 77. Qf7+ Ke5 78. Ke7 Be4 79. Qf6+ Kd5 80. Qe6+ Kd4 81. Kd6 Bd3 82. Qe5+ Kc4 83. Qd5+ Kc3 84. Kc5 Bc2 85. Qd4+ Kb3 86. Qc4+ Kb2 87. Kb4 Bd1 88. Qc3+ Kb1 89. Qd2 Bc2 90. Kc3 Ba4 91. Qb2# 1-0


[Site "https://www.chess.com"]

[Event "Titled Tuesday Blitz February 21 Early 2023"]
[White "Bogaudinov, Rushan"]
[Black "Pinheiro, Iung Alicio de O."]
[WhiteFideId "4129288"]
[BlackFideId "2104350"]
[WhiteElo "1939"]
[BlackElo "2306"]
[Result "0-1"]
[Round "03"]
[TimeControl "180+2"]
[Date "2023.02.21"]
[WhiteClock "0:00:04"]
[BlackClock "0:00:05"]

1. Nf3 c5 2. e4 Nc6 3. Bb5 g6 4. c3 a6 5. Bxc6 bxc6 6. O-O Bg7 7. d3 Nh6 8. Na3 f6 9. Be3 d6 10. h3 Nf7 11. Nc4 O-O 12. a4 a5 13. Na3 Rb8 14. Qe2 Ba6 15. Rab1 Qd7 16. Nd2 Ne5 17. c4 Nf7 18. b3 f5 19. f4 Rbe8 20. Nf3 e5 21. Qd2 exf4 22. Bxf4 fxe4 23. Ng5 Bd4+ 24. Kh1 e3 25. Qe2 Nxg5 26. Bxg5 Bc8 27. Bh6 Rf2 28. Rxf2 exf2 29. Qf1 Qe6 30. Nc2 Qe2 31. Nxd4 cxd4 32. g4 c5 33. Qxe2 Rxe2 34. Kg2 Bb7+ 35. Kf1 Ra2 36. Bc1 Bf3 37. Rb2 Ra1 38. Rc2 Bd1 39. Rxf2 Rxc1 40. Rf6 Bxb3+ 41. Ke2 Bxa4 42. Rxd6 Rc2+ 43. Kf3 Rd2 44. Ke4 Bc2 45. Rc6 Rxd3 46. Ke5 Kg7 47. g5 Re3+ 48. Kd6 Re8 49. Rc7+ Kg8 50. Kxc5 Rf8 51. Kxd4 a4 52. Kc3 Bb3 53. c5 Rf3+ 54. Kb4 Rxh3 55. Rc8+ Kf7 56. Rc7+ Ke6 57. Ra7 Rh4+ 58. Kb5 Rc4 59. Ra6+ Kd5 60. Rd6+ Ke5 61. Rd2 a3 62. c6 a2 63. Re2+ Kd4 64. Re1 Ba4+ 65. Ka5 Bxc6 66. Ra1 Rc2 67. Kb4 Bd5 68. Ka3 Kc3 69. Rg1 Bc4 70. Rg3+ Bd3 71. Rg1 Rd2 72. Rc1+ Bc2 73. Kxa2 Rd3 74. Ka1 Rg3 75. Rh1 Rxg5 76. Rh3+ Bd3 77. Rxd3+ Kxd3 78. Kb2 Rc5 0-1


[Site "https://www.chess.com"]

[Event "Titled Tuesday Blitz February 21 Early 2023"]
[White "Ardila, Oscar Humberto"]
[Black "Ingebretsen, Jens E"]
[WhiteFideId "4404742"]
[BlackFideId "1522965"]
[WhiteElo "1982"]
[BlackElo "2342"]
[Result "0-1"]
[Round "03"]
[TimeControl "180+2"]
[Date "2023.02.21"]
[WhiteClock "0:00:01"]
[BlackClock "0:00:59"]

1. d4 Nf6 2. c4 e6 3. Nc3 d5 4. cxd5 Nxd5 5. e4 Nxc3 6. bxc3 c5 7. Be3 cxd4 8. cxd4 Bb4+ 9. Ke2 b6 10. Qa4+ Nc6 11. Qxc6+ Bd7 12. Qc4 a5 13. f3 Rc8 14. Qa6 Rc2+ 15. Kd1 Ba4 16. Bb5+ Qd7 17. Bxd7+ Kxd7 18. Qb5+ Bxb5 19. Kxc2 Rc8+ 20. Kd1 Ba4+ 21. Ke2 Rc2+ 22. Kf1 Bb5+ 23. Ne2 Rxe2 24. Kg1 Rxe3 25. h4 Rd3 26. d5 exd5 27. exd5 Rxd5 28. Kh2 Bd6+ 29. Kh3 Bd3 30. Rad1 b5 31. g4 b4 32. Rhe1 a4 33. Kg2 b3 34. axb3 axb3 35. Ra1 b2 36. Ra7+ Bc7 37. Rb7 b1=Q 38. Rexb1 Bxb1 39. Rxb1 Rd2+ 40. Kf1 Bg3 41. Rb3 Ke6 42. h5 Ke5 43. Rb7 Kf6 44. Rb3 Kg5 45. Kg1 Kh4 46. Rb7 Re2 47. Kf1 Re1+ 48. Kg2 Re2+ 49. Kf1 Rf2+ 50. Kg1 Kh3 51. Rxf7 Re2 0-1


[Site "https://www.chess.com"]

[Event "Titled Tuesday Blitz February 21 Early 2023"]
[White "Afanasieva, Alexandra"]
[Black "Derjabin, Ilja"]
[WhiteFideId "34126926"]
[BlackFideId "14104768"]
[WhiteElo "1857"]
[BlackElo "2333"]
[Result "1-0"]
[Round "03"]
[TimeControl "180+2"]
[Date "2023.02.21"]
[WhiteClock "0:00:07"]
[BlackClock "0:00:11"]

1. e4 c5 2. Nf3 d6 3. d4 cxd4 4. Nxd4 Nf6 5. f3 e5 6. Nb3 d5 7. Bg5 Be6 8. Bxf6 gxf6 9. exd5 Qxd5 10. Qxd5 Bxd5 11. Nc3 Be6 12. O-O-O Nc6 13. Bb5 Bb4 14. Ne4 Bxb3 15. axb3 Ke7 16. c3 f5 17. Ng3 Bc5 18. Nxf5+ Kf6 19. Ng3 Be3+ 20. Kb1 Rhd8 21. Ne4+ Ke7 22. g4 Na5 23. Ng3 Bf4 24. Nf5+ Kf6 25. Kc2 h5 26. h4 a6 27. Bd3 hxg4 28. fxg4 Nc6 29. Be4 Rac8 30. Nd6 Nd4+ 31. Rxd4 exd4 32. Nxc8 Rxc8 33. Kd3 dxc3 34. bxc3 b5 35. Bf5 Rd8+ 36. Ke4 Bd2 37. Rd1 Re8+ 38. Kf3 Bxc3 39. Rd6+ Ke5 40. Rxa6 b4 41. Ra7 f6 42. Ra5+ Kd4 43. Ra6 Re3+ 44. Kf4 Re1 45. Rd6+ Kc5 46. Rd8 Be5+ 47. Kf3 Rh1 48. h5 Rh3+ 49. Ke4 Rxb3 50. h6 Rh3 51. h7 b3 52. h8=Q Rxh8 53. Rxh8 b2 54. Kf3 Kd4 55. Rc8 Kd5 56. Bb1 Bd4 57. Rd8+ Ke5 58. Rxd4 Kxd4 59. Kf4 Kd5 60. Kf5 Kd6 61. Kxf6 Kd7 62. Kf7 1-0


[Site "https://www.chess.com"]

[Event "Titled Tuesday Blitz February 21 Early 2023"]
[White "Hristodoulou, Panagiotis"]
[Black "Kiselev, Pavel"]
[WhiteFideId "4214340"]
[BlackFideId "4191102"]
[WhiteElo "2372"]
[BlackElo "2245"]
[Result "1-0"]
[Round "03"]
[TimeControl "180+2"]
[Date "2023.02.21"]
[WhiteClock "0:00:04"]
[BlackClock "0:00:07"]

1. e4 c5 2. Nf3 Nc6 3. d4 cxd4 4. Nxd4 g6 5. c4 Bg7 6. Be3 Nf6 7. Nc3 O-O 8. Be2 b6 9. O-O Bb7 10. f3 Rc8 11. Rc1 d6 12. Qd2 Nd7 13. Nxc6 Bxc6 14. b4 Bb7 15. a3 Ne5 16. Nb5 a6 17. Nd4 Nc6 18. Rfd1 Qc7 19. Nxc6 Qxc6 20. Bf1 Qa4 21. Bxb6 Qxa3 22. c5 dxc5 23. bxc5 Bc6 24. Qd3 Qxd3 25. Bxd3 Bd4+ 26. Kf1 Be3 27. Rc3 Ra8 28. Ra3 Rfc8 29. Bc4 Bf4 30. g3 Be5 31. Rxa6 Rxa6 32. Bxa6 Ra8 33. Rd8+ Kg7 34. Rxa8 Bxa8 35. Ke2 Bc6 36. Bc4 f5 37. Ke3 Bb2 38. Bd5 Bd7 39. c6 Bc8 40. Bd4+ Bxd4+ 41. Kxd4 e6 42. Bc4 Kf6 43. e5+ Ke7 44. f4 Kd8 45. Kc5 Kc7 46. h4 h5 47. Bb3 Ba6 48. Bxe6 1-0


[Site "https://www.chess.com"]

[Event "Titled Tuesday Blitz February 21 Early 2023"]
[White "Arenas, David"]
[Black "The_Sherman_Variation"]
[WhiteFideId "4403177"]
[WhiteElo "2426"]
[BlackElo "2513"]
[Result "1-0"]
[Round "03"]
[TimeControl "180+2"]
[Date "2023.02.21"]
[WhiteClock "0:00:16"]
[BlackClock "0:00:29"]

1. d4 Nf6 2. c4 c5 3. d5 b5 4. cxb5 e6 5. Nc3 exd5 6. Nxd5 Bb7 7. Nxf6+ Qxf6 8. Nf3 Be7 9. e3 a6 10. Be2 axb5 11. Bxb5 O-O 12. O-O Na6 13. Be2 Nb4 14. Qxd7 Be4 15. Qg4 Bf5 16. Qf4 Nc2 17. Bd2 Nxa1 18. Bc3 Qe6 19. Bc4 Qc8 20. Rxa1 Bg6 21. h4 Kh8 22. h5 Bxh5 23. Qh6 f6 24. Qxh5 Qd7 25. g3 Ra4 26. b3 Ra7 27. Kg2 g6 28. Qh4 Bd8 29. Rh1 Rxa2 30. Ng5 h5 31. Ne6 Qc6+ 32. e4 Be7 33. Nxf8 Qb7 34. Nxg6+ Kg7 35. Nxe7 1-0


[Site "https://www.chess.com"]

[Event "Titled Tuesday Blitz February 21 Early 2023"]
[White "Thiel, Thomas"]
[Black "Ilkhomi, Jaloliddin"]
[WhiteFideId "4615964"]
[BlackFideId "14700948"]
[WhiteElo "2234"]
[BlackElo "1997"]
[Result "0-1"]
[Round "03"]
[TimeControl "180+2"]
[Date "2023.02.21"]
[WhiteClock "0:00:19"]
[BlackClock "0:00:39"]

1. e4 e6 2. d4 d5 3. Nc3 Bb4 4. e5 c5 5. a3 Bxc3+ 6. bxc3 Qa5 7. Bd2 Qa4 8. Nf3 c4 9. Be2 Nc6 10. O-O Nge7 11. h3 Bd7 12. Nh2 O-O-O 13. Re1 Rdf8 14. Nf1 f6 15. exf6 gxf6 16. Ne3 Rhg8 17. Qc1 e5 18. Qb2 Bxh3 19. Bf1 Rg6 20. Nd1 Rfg8 21. g3 Bxf1 22. Kxf1 Nf5 23. Ne3 Nxg3+ 24. fxg3 Rxg3 25. Nxd5 exd4 26. Rab1 R3g7 27. Qb5 Qxc2 28. Re2 Rg1+ 29. Kf2 R8g2+ 0-1


[Site "https://www.chess.com"]

[Event "Titled Tuesday Blitz February 21 Early 2023"]
[White "Kubicka, Anna"]
[Black "Ciuffoletti, Paolo"]
[WhiteFideId "1152254"]
[BlackFideId "807630"]
[WhiteElo "2240"]
[BlackElo "2106"]
[Result "1/2-1/2"]
[Round "03"]
[TimeControl "180+2"]
[Date "2023.02.21"]
[WhiteClock "0:00:15"]
[BlackClock "0:00:10"]

1. e4 c5 2. Ne2 Nc6 3. g3 d5 4. Bg2 Nf6 5. exd5 Nxd5 6. O-O e5 7. Nbc3 Be6 8. d3 Be7 9. f4 f6 10. fxe5 Nxe5 11. Nxd5 Bxd5 12. Bxd5 Qxd5 13. Nf4 Qf7 14. b3 O-O 15. Bb2 Bd6 16. Qh5 Ng6 17. Nxg6 hxg6 18. Qf3 Rfe8 19. Rae1 Rxe1 20. Rxe1 Re8 21. Rxe8+ Qxe8 22. Qd5+ Kh8 23. Kf2 Qe7 24. Qe4 Qxe4 25. dxe4 Kg8 26. Ke3 Kf7 27. a4 Ke6 28. Ba3 b6 29. Bb2 Be5 30. Bxe5 Kxe5 31. c3 a6 32. h4 b5 33. axb5 axb5 34. Kf3 f5 35. exf5 gxf5 36. Ke3 Ke6 37. Kf4 Kf6 38. c4 bxc4 39. bxc4 g6 40. g4 fxg4 41. Kxg4 Kf7 42. Kg5 Kg7 43. Kf4 Kf6 44. Ke4 Ke6 45. Kf4 Kf6 46. Kg4 Kf7 47. Kg5 Kg7 48. Kg4 Kf7 1/2-1/2


[Site "https://www.chess.com"]

[Event "Titled Tuesday Blitz February 21 Early 2023"]
[White "Padmini, Rout"]
[Black "Zaksaite, Salomeja"]
[WhiteFideId "5029295"]
[BlackFideId "12801496"]
[WhiteElo "2375"]
[BlackElo "2283"]
[Result "1-0"]
[Round "03"]
[TimeControl "180+2"]
[Date "2023.02.21"]
[WhiteClock "0:00:51"]
[BlackClock "0:00:03"]

1. e4 c5 2. Nf3 Nc6 3. d4 cxd4 4. Nxd4 Nf6 5. Nc3 e5 6. Ndb5 d6 7. Nd5 Nxd5 8. exd5 Nb8 9. c4 a6 10. Qa4 Bd7 11. Qa3 Bxb5 12. cxb5 Be7 13. Be2 O-O 14. O-O Nd7 15. bxa6 bxa6 16. Be3 f5 17. f3 Qb8 18. Rac1 Qb7 19. Rc6 Nf6 20. Bc4 a5 21. Rc1 Rfb8 22. Bb3 a4 23. Rc7 Qxc7 24. Rxc7 axb3 25. Ra7 Rxa7 26. Qxa7 Nxd5 27. Qxb8+ Kf7 28. Qxb3 Ke6 29. Ba7 Bg5 30. a4 Bd2 31. Bb6 Bc1 32. a5 e4 33. fxe4 fxe4 34. Bd4 1-0


[Site "https://www.chess.com"]

[Event "Titled Tuesday Blitz February 21 Early 2023"]
[White "Petrovic, Aleksa"]
[Black "Decoster, Frederic"]
[WhiteFideId "967629"]
[BlackFideId "204269"]
[WhiteElo "2332"]
[BlackElo "2301"]
[Result "1-0"]
[Round "03"]
[TimeControl "180+2"]
[Date "2023.02.21"]
[WhiteClock "0:00:03"]
[BlackClock "0:00:01"]

1. d4 Nf6 2. c4 g6 3. f3 Bg7 4. e4 O-O 5. Nc3 d6 6. Nge2 a6 7. Be3 Nbd7 8. Qd2 c5 9. dxc5 Nxc5 10. Nd4 Bd7 11. Be2 Rc8 12. O-O a5 13. b3 Ne8 14. Rac1 Nc7 15. Rfd1 f5 16. exf5 gxf5 17. Bh6 Qe8 18. Bxg7 Kxg7 19. Re1 Qg6 20. Bd1 e5 21. Nc2 Rcd8 22. Ne3 Bc6 23. Bc2 N7e6 24. Kh1 Nd4 25. Bb1 Kh8 26. Qf2 Nce6 27. Ne2 Qg5 28. Nxd4 Nxd4 29. Rcd1 Ne6 30. Nd5 Nd4 31. Rxd4 exd4 32. Qxd4+ Qg7 33. Qxg7+ Kxg7 34. Nf4 Bd7 35. Rd1 Bc8 36. h4 Rfe8 37. Kh2 Kf6 38. Nd5+ Kg7 39. Nf4 Kf6 40. Kg3 Rg8+ 41. Kf2 Rge8 42. Nd5+ Kg7 43. Nf4 Re5 44. Bd3 Bd7 45. Bc2 Bc6 46. Re1 Kf6 47. Nh5+ Kg6 48. g4 Rxe1 49. Bxf5+ Kf7 50. Kxe1 Bxf3 51. Kf2 Bd1 52. Ke1 Bf3 53. Kf2 Bd1 54. Ng3 a4 55. bxa4 h6 56. a5 Ra8 57. Ne4 Ke7 58. Nc3 Bxg4 59. Nd5+ Kf7 60. Bxg4 Rxa5 61. Ke3 Rxa2 62. Bc8 Rb2 63. h5 b5 64. cxb5 Rxb5 65. Nf4 Rg5 66. Bb7 Kf6 67. Bf3 Ke5 68. Nd3+ Kf6 69. Kf4 Rf5+ 70. Kg4 Rg5+ 71. Kh4 Ra5 72. Nf2 Ra4+ 73. Kg3 Ra5 74. Ng4+ Kg5 75. Nf2 Ra3 76. Ne4+ 1-0


[Site "https://www.chess.com"]

[Event "Titled Tuesday Blitz February 21 Early 2023"]
[White "Ehlvest, Jaan"]
[Black "Burke, John F"]
[WhiteFideId "4500016"]
[BlackFideId "2052970"]
[WhiteElo "2530"]
[BlackElo "2013"]
[Result "1-0"]
[Round "03"]
[TimeControl "180+2"]
[Date "2023.02.21"]
[WhiteClock "0:01:33"]
[BlackClock "0:02:14"]

1. e4 c5 2. Nf3 Nc6 3. d4 cxd4 4. Nxd4 e6 5. Bf4 Qb6 6. Nb5 e5 7. Be3 Qa5+ 8. N1c3 Nf6 9. Bc4 a6 10. Nd6+ Bxd6 11. Qxd6 Nxe4 12. Qd5 Qxd5 13. Nxd5 O-O 14. O-O-O d6 15. f3 Nc5 16. Nb6 Rb8 17. Rxd6 Ne6 18. c3 Rd8 19. Rhd1 Rxd6 20. Rxd6 Kf8 21. Bxe6 Bxe6 22. Rxe6 fxe6 23. Nd7+ Ke7 24. Nxb8 Nxb8 25. Bc5+ Kf6 26. Kd2 Nd7 27. Bd6 Kf5 28. Ke3 h5 29. c4 g5 30. b3 g4 31. a4 Nf6 32. b4 e4 33. f4 Ne8 34. Be5 Kg6 35. a5 Kf7 36. Kxe4 Ke7 37. b5 Kd7 38. f5 exf5+ 39. Kxf5 Nd6+ 40. Bxd6 Kxd6 41. bxa6 bxa6 42. Ke4 Kc5 43. Kd3 Kb4 44. Kd4 Kxa5 45. Kd5 Kb6 46. Kd6 a5 47. c5+ Kb7 48. Kd7 a4 49. c6+ Kb6 50. c7 a3 51. c8=Q a2 52. Qc1 1-0


[Site "https://www.chess.com"]

[Event "Titled Tuesday Blitz February 21 Early 2023"]
[White "Baghdasaryan, Vahe"]
[Black "Rose, Felix"]
[WhiteFideId "13303139"]
[BlackFideId "5105722"]
[WhiteElo "2257"]
[BlackElo "2091"]
[Result "1-0"]
[Round "03"]
[TimeControl "180+2"]
[Date "2023.02.21"]
[WhiteClock "0:00:09"]
[BlackClock "0:00:03"]

1. e4 e5 2. Nf3 Nc6 3. Bc4 Nf6 4. d3 Bc5 5. c3 d6 6. O-O a5 7. Nbd2 O-O 8. h3 Be6 9. Re1 Re8 10. Bxe6 Rxe6 11. Nc4 h6 12. Be3 Ba7 13. Bxa7 Rxa7 14. Ne3 Ne7 15. Nh4 g6 16. Qf3 Nc8 17. Re2 Nh5 18. Nhf5 Nf4 19. Nxh6+ Kh7 20. Neg4 Nxe2+ 21. Qxe2 Kg7 22. Rf1 Qg5 23. g3 Ne7 24. f4 exf4 25. Rxf4 f5 26. Qf2 c5 27. exf5 gxf5 28. Nxf5+ Nxf5 29. Rxf5 Qc1+ 30. Kg2 b5 31. h4 Rae7 32. Kh3 Qh1+ 33. Nh2 Re2 34. Rg5+ Kh7 35. Qf5+ Kh8 36. Qf6+ Kh7 37. Qg6+ 1-0


[Site "https://www.chess.com"]

[Event "Titled Tuesday Blitz February 21 Early 2023"]
[White "Kuchava, Ana"]
[Black "Turzo, Attila"]
[WhiteFideId "13605348"]
[BlackFideId "704954"]
[WhiteElo "2101"]
[BlackElo "2279"]
[Result "0-1"]
[Round "03"]
[TimeControl "180+2"]
[Date "2023.02.21"]
[WhiteClock "0:00:01"]
[BlackClock "0:00:05"]

1. d4 Nf6 2. Nf3 e6 3. c4 d5 4. Nc3 Bb4 5. Qa4+ Nc6 6. e3 O-O 7. Bd3 Re8 8. O-O dxc4 9. Bxc4 Bd6 10. Rd1 a6 11. Qc2 b5 12. Bd3 Bb7 13. a3 h6 14. Ne4 Qe7 15. Bd2 Nb8 16. Nxf6+ Qxf6 17. Be4 Bxe4 18. Qxe4 Nd7 19. Qc6 Qe7 20. e4 e5 21. Bc3 f6 22. Qd5+ Qf7 23. Qxf7+ Kxf7 24. dxe5 fxe5 25. Rac1 Ke6 26. h3 c5 27. Nh4 Nb6 28. Nf5 Bf8 29. f4 b4 30. axb4 cxb4 31. Bxe5 Rac8 32. Nxg7+ Bxg7 33. Bxg7 h5 34. Rxc8 Rxc8 35. Be5 Nc4 36. Rc1 Rc6 37. Bd4 a5 38. f5+ Kf7 39. e5 Nxe5 40. Rxc6 Nxc6 41. Bb6 a4 42. g4 a3 43. bxa3 bxa3 44. Bd4 Nxd4 45. gxh5 Nxf5 0-1


[Site "https://www.chess.com"]

[Event "Titled Tuesday Blitz February 21 Early 2023"]
[White "lisjakzlatko1"]
[Black "Kokoszczynski, Jan"]
[BlackFideId "1174460"]
[WhiteElo "2162"]
[BlackElo "2247"]
[Result "0-1"]
[Round "03"]
[TimeControl "180+2"]
[Date "2023.02.21"]
[WhiteClock "0:00:03"]
[BlackClock "0:00:04"]

1. e4 e5 2. Nf3 Nc6 3. Bb5 a6 4. Bxc6 dxc6 5. O-O Bg4 6. h3 Bh5 7. d3 Bd6 8. Nbd2 f6 9. Nc4 Ne7 10. a4 Qd7 11. Be3 O-O 12. a5 Rad8 13. g4 Bf7 14. Qe2 Rfe8 15. Kh2 Ng6 16. Nfd2 Bf8 17. Qf3 Be6 18. Rg1 Qf7 19. Qg3 Nf4 20. Bxf4 exf4 21. Qxf4 Bxc4 22. Nxc4 Rd4 23. Qg3 Rxc4 24. dxc4 Rxe4 25. Kh1 Bd6 26. Qb3 Qe6 27. Rad1 c5 28. Qxb7 Re2 29. Qd5 Qxd5+ 30. cxd5 Rxc2 31. Rge1 Kf7 32. Kg1 Rxb2 33. Rb1 Rd2 34. Red1 Ra2 35. Ra1 Rc2 36. Rac1 Ra2 37. Ra1 Re2 38. Rd3 c4 39. Re3 Rc2 40. Kg2 Bc5 41. Rf3 Ke7 42. h4 Bd4 43. Rd1 Be5 44. g5 Kd6 45. Rf5 g6 46. Rf3 f5 47. h5 gxh5 48. Rh3 Re2 49. Rxh5 c3 50. Rxh7 c2 51. Rc1 Bf4 52. Rxc2 Rxc2 53. g6 Be5 54. g7 Rc4 0-1


[Site "https://www.chess.com"]

[Event "Titled Tuesday Blitz February 21 Early 2023"]
[White "Balla, Tamas-Kristof"]
[Black "babbilator"]
[WhiteFideId "1208497"]
[WhiteElo "2303"]
[BlackElo "2129"]
[Result "1-0"]
[Round "03"]
[TimeControl "180+2"]
[Date "2023.02.21"]
[WhiteClock "0:00:07"]
[BlackClock "0:00:12"]

1. e4 c5 2. c3 d5 3. exd5 Qxd5 4. d4 e6 5. Nf3 Nf6 6. Be3 cxd4 7. cxd4 Nc6 8. Nc3 Qd8 9. Bd3 Be7 10. O-O O-O 11. a3 b6 12. Qe2 Bb7 13. Rad1 Rc8 14. Bb1 Na5 15. Ne5 Bxa3 16. Qc2 Be4 17. Qe2 Bxb1 18. Rxb1 Be7 19. Rbd1 Nc6 20. Rfe1 Nb4 21. Ng4 Nbd5 22. Nxf6+ Bxf6 23. Ne4 Be7 24. Rc1 Qd7 25. h4 Nxe3 26. Qxe3 Bxh4 27. Qf4 Be7 28. Rcd1 Rc4 29. Ng5 Bf6 30. Nf3 Rd8 31. Rc1 Qd5 32. Rxc4 Qxc4 33. Rc1 Qd5 34. Qc7 Qd7 35. Qc4 h6 36. Ne5 Qd5 37. Qc7 Bxe5 38. dxe5 Rd7 39. Qc8+ Kh7 40. Qc2+ g6 41. Qa4 Kg7 42. Qf4 Qd4 43. Qf6+ Kh7 44. Rc8 Qd1+ 45. Kh2 Qh5+ 46. Kg3 Qd1 47. Rh8# 1-0


[Site "https://www.chess.com"]

[Event "Titled Tuesday Blitz February 21 Early 2023"]
[White "Osuna Vega, Enrique"]
[Black "Cruz Lledo, Pablo"]
[WhiteFideId "2219549"]
[BlackFideId "2297361"]
[WhiteElo "2061"]
[BlackElo "2373"]
[Result "0-1"]
[Round "03"]
[TimeControl "180+2"]
[Date "2023.02.21"]
[WhiteClock "0:00:13"]
[BlackClock "0:00:31"]

1. e4 g6 2. d4 Bg7 3. Bc4 e6 4. Nc3 Ne7 5. Qf3 O-O 6. Nge2 Nbc6 7. Bg5 Nxd4 8. Nxd4 Bxd4 9. O-O-O Bg7 10. h4 h6 11. Be3 d6 12. Qg3 Nc6 13. h5 Qf6 14. f4 a6 15. Qe1 b5 16. Bb3 Na5 17. g4 gxh5 18. g5 hxg5 19. fxg5 Qg6 20. Kb1 Bb7 21. Nd5 exd5 22. Qxa5 Qxe4 23. Qxc7 d4 24. Bc1 Qc6 25. Qe7 Rae8 26. Bxf7+ Rxf7 0-1


[Site "https://www.chess.com"]